 Dungeon Crawl Stone Soup version 0.21-a0-29-g43b3074 (webtiles) character file.

5135 tof the Cruncher (level 10, -1/86 HPs)
             Began as a Minotaur Gladiator on May 26, 2017.
             Was a Believer of Wu Jian.
             Slain by a red ugly thing (19 damage)
             ... on level 9 of the Dungeon.
             The game lasted 00:20:00 (9345 turns).

tof the Cruncher (Minotaur Gladiator)               Turns: 9345, Time: 00:20:01

Health: -1/86      AC: 17    Str: 21    XL:     10   Next: 33%
Magic:  9/9        EV: 10    Int:  5    God:    Wu Jian [**....]
Gold:   479        SH:  0    Dex: 13    Spells: 9/9 levels left

rFire    . . .     SeeInvis +   a - +2 quarterstaff of the Endless Emperors {flame, rC+ SInv Stlth+}
rCold    + . .     Gourm    .   (shield currently unavailable)
rNeg     + . .     Faith    .   r - +0 plate armour (curse)
rPois    .         Spirit   .   c - +0 hat
rElec    .         Reflect  .   (no cloak)
rCorr    .         Harm     .   u - +1 pair of gloves
MR       .....                  (no boots)
Stlth    ..........             (no amulet)
Regen    0.3/turn               s - ring of positive energy
MPRegen  0.2/turn               q - +2 ring of protection

@: no status effects
A: retaliatory headbutt, horns 2
a: Renounce Religion


You were on level 9 of the Dungeon.
You worshipped Wu Jian.
Wu Jian was pleased with you.
You were hungry.

You visited 2 branches of the dungeon, and saw 10 of its levels.
You visited the Abyss 1 time.

You collected 479 gold pieces.

Inventory:

Hand Weapons
 a - the +2 quarterstaff of the Endless Emperors (weapon) {flame, rC+ SInv Stlth+}
   (You found it on level 5 of the Dungeon)

   It has been specially enchanted to burn those struck by it, causing extra
   injury to most foes and up to half again as much damage against particularly
   susceptible opponents.
   It protects you from cold.
   It lets you see invisible.
   It makes you more stealthy.
 b - a +0 fustibalus
 F - a +0 quarterstaff
Missiles
 d - 3 throwing nets (quivered)
 B - 54 sling bullets
 G - 8 tomahawks
Armour
 c - a +0 hat (worn)
 e - a +0 ring mail
 r - a cursed +0 plate armour (worn)
 u - a +1 pair of gloves (worn)
Jewellery
 q - a +2 ring of protection (right hand)
 s - a ring of positive energy (left hand)
Wands
 y - a wand of flame (36/48)
 D - a wand of enslavement (3/24)
Scrolls
 h - a scroll of noise {unknown}
 k - a scroll of fear {unknown}
 l - 3 scrolls of remove curse
 m - 10 scrolls of identify {unknown}
 o - 4 scrolls of teleportation {unknown}
 p - a scroll of blinking {unknown}
 v - 2 scrolls of magic mapping {unknown}
 E - a scroll of enchant weapon {unknown}
 I - 2 scrolls of random uselessness {unknown}
 J - a scroll of amnesia {unknown}
 K - a scroll of immolation {unknown}
Potions
 g - 5 potions of magic {unknown}
 i - 2 potions of degeneration {unknown}
 n - 2 potions of heal wounds {unknown}
 w - 2 potions of curing {unknown}
 x - a potion of haste {unknown}
 z - 4 potions of might {unknown}
 A - a potion of lignification {unknown}
 H - a potion of brilliance {unknown}
Comestibles
 f - 4 bread rations
 j - 8 meat rations
 t - 5 fruits


   Skills:
 + Level 7.2 Fighting
 * Level 10.4 Staves
 * Level 8.4(8.7) Slings
 - Level 2.7(5.6) Throwing
 + Level 6.6 Armour
 + Level 7.6 Dodging


You had 9 spell levels left.
You didn't know any spells.

Dungeon Overview and Level Annotations

Branches:
Dungeon (9/15)             Temple (1/1) D:6
   Lair: D:8-11         Orc: D:9-12

Altars:
Ashenzari
Cheibriados
Dithmenos
Elyvilon
Fedhas
Gozag
Hepliaklqana
Kikubaaqudgha
Makhleb
Nemelex Xobeh
Okawaru
Qazlal
Ru
Sif Muna
Trog
Uskayaw
Vehumet
Wu Jian
Xom
Yredelemnul
Zin
The Shining One

Shops:
D:8 =

Annotations:
D:6 exclusion: statue


Innate Abilities, Weirdness & Mutations

You reflexively headbutt those who attack you in melee.
You have a pair of horns on your head.


Message History

The red ugly thing barely misses you.
You sock the shadow imp! You burn the shadow imp.
You kill the shadow imp!
The Council accepts your kill. The red ugly thing stings you.
You are engulfed in flames!!
There is an open door here.
The red ugly thing stings you but does no damage.
There is an open door here.
You attack the red ugly thing from above.
You barely miss the red ugly thing.
The red ugly thing is moderately wounded.
The red ugly thing stings you!
You are engulfed in flames!
* * * LOW HITPOINT WARNING * * *
There is an open door here.
Okay, then.
You are feeling hungry.
The red ugly thing stings you.
* * * LOW HITPOINT WARNING * * *
You are engulfed in flames!!
You die...

############ #..........# .
#.... ..####..........#####..
#.... ........................
#...######........<.............
#...#....#......................
#...#....#...........)..........
#...#....#........).............
#...#....#......@...............
#.<.##'###.....u................
..................#...#...#...#
...................#...#...#...
+###................#..(#...#..
#...####'#......#...#...#..a
#...#....#.....#...#...#...#
#...#....#................ ..
#...#....#.......#...#...#. .


You could see a red ugly thing.

Vanquished Creatures
  Pikel (D:6)
  The ghost of anet the Magician, a novice DEWz of Ashenzari (D:6)
  A hippogriff (D:7)
  Prince Ribbit (D:8)
  A hungry ghost (D:7)
  4 orc warriors
  An ice beast (D:5)
  A necrophage (D:5)
  2 phantoms
  7 ogres
  5 centaurs
  2 big kobolds
  A wyvern zombie (D:7)
  A bullfrog (D:6)
  2 scorpions
  11 killer bees
  4 crimson imps
  2 quasits (D:8)
  2 bullfrog zombies (D:6)
  4 hounds
  A jelly (D:9)
  An orc priest (D:3)
  A centaur skeleton (D:7)
  5 iguanas
  8 orc wizards
  8 worker ants
  2 killer bee zombies
  A hound zombie (D:5)
  A howler monkey zombie (D:7)
  15 adders
  3 shadow imps
  A worm (D:2)
  A dart slug (D:1)
  7 leopard geckos
  29 orcs
  2 ball pythons (D:2)
  2 giant cockroaches
  9 goblins
  5 hobgoblins
  4 jackals (D:4)
  4 quokkas
  8 bats
  6 frilled lizards
  14 kobolds
  A quokka skeleton (D:5)
  A quokka zombie (D:9)
  5 rats
199 creatures vanquished.

Vanquished Creatures (others)
  A black bear (D:6)
  2 slaves (D:6)
  An orc wizard (D:6)
4 creatures vanquished.

Grand Total: 203 creatures vanquished

Notes
Turn   | Place    | Note
-------+----------+-------------------------------------------
     0 | D:1      | tof the Minotaur Gladiator began the quest for the Orb.
     0 | D:1      | Reached XP level 1. HP: 18/18 MP: 0/0
   275 | D:1      | Reached XP level 2. HP: 21/25 MP: 1/1
   450 | D:1      | Reached skill level 4 in Staves
   636 | D:1      | Reached skill level 1 in Armour
   854 | D:2      | Reached XP level 3. HP: 30/30 MP: 2/2
  1347 | D:2      | Found a stormy altar of Qazlal.
  1354 | D:2      | Found a sparkling altar of Nemelex Xobeh.
  1837 | D:3      | Reached XP level 4. HP: 38/38 MP: 3/3
  1920 | D:3      | Found a shadowy altar of Dithmenos.
  2288 | D:3      | Found a shattered altar of Ashenzari.
  2490 | D:3      | Reached XP level 5. HP: 40/45 MP: 4/4
  3041 | D:3      | Reached skill level 5 in Staves
  3381 | D:4      | Found a basalt altar of Yredelemnul.
  3677 | D:4      | Found an ancient bone altar of Kikubaaqudgha.
  3936 | D:5      | Entered Level 5 of the Dungeon
  3946 | D:5      | Reached XP level 6. HP: 45/52 MP: 5/5
  3947 | D:5      | Reached skill level 1 in Slings
  4160 | D:5      | Got an ivory quarterstaff
  4161 | D:5      | Identified the +2 quarterstaff of the Endless Emperors {flame, rC+ SInv Stlth+} (You found it on level 5 of the Dungeon)
  4179 | D:5      | Noticed an ice beast
  4190 | D:5      | Killed an ice beast
  4190 | D:5      | Reached skill level 6 in Staves
  4190 | D:5      | Reached skill level 5 in Dodging
  4190 | D:5      | Reached XP level 7. HP: 58/59 MP: 6/6
  4668 | D:5      | Reached skill level 7 in Staves
  4686 | D:5      | Reached XP level 8. HP: 64/67 MP: 7/7
  5117 | D:6      | Noticed anet's ghost (novice DEWz)
  5148 | D:6      | Killed anet's ghost
  5148 | D:6      | Reached skill level 5 in Fighting
  5165 | D:6      | Noticed Pikel
  5173 | D:6      | Killed Pikel
  5173 | D:6      | Reached skill level 8 in Staves
  5173 | D:6      | Reached skill level 5 in Slings
  5429 | D:6      | Found a glowing silver altar of Zin.
  5494 | D:6      | Reached skill level 5 in Armour
  5566 | D:6      | Found a radiant altar of Vehumet.
  5596 | D:6      | Reached XP level 9. HP: 75/75 MP: 8/8
  5629 | D:6      | Found a staircase to the Ecumenical Temple.
  5642 | Temple   | Entered the Ecumenical Temple
  5678 | Temple   | Became a worshipper of the Wu Jian Council
  6836 | D:7      | Reached skill level 9 in Staves
  7158 | D:7      | Reached * piety under Wu Jian
  7406 | D:7      | Cast into level 1 of the Abyss (orc warrior)
  7439 | D:7      | Escaped the Abyss
  8024 | D:8      | Reached XP level 10. HP: 62/84 MP: 9/9
  8549 | D:8      | Reached ** piety under Wu Jian
  8625 | D:8      | Noticed Prince Ribbit
  8636 | D:8      | Killed Prince Ribbit
  8636 | D:8      | Reached skill level 10 in Staves
  8708 | D:8      | Found Enef's Jewellery Emporium.
  8998 | D:8      | Found a burning altar of Makhleb.
  9308 | D:9      | Noticed a red ugly thing
  9345 | D:9      | Slain by a red ugly thing

Vault maps used:
D:1:      matt_arrival_diagonals
D:2:      amethyst_overflow_temple_binary, first_bread, eino_tiny_chamber
D:3:      lemuel_round_altar, cheibrodos_ashenzari_chains,
          minmay_stone_trees_small, grunt_decor_cap
D:4:      yredelemnul_altar_generic, kiku_gazebo_pond_becter
D:6:      nicolae_overflow_crystal_walls, vehumet_statue,
          minmay_temple_entry_large_hall, grunt_decor_mini_mirrors, uniq_pikel
D:7:      st_stairs_12
D:8:      kennysheep_little_box, serial_shops, shop, uniq_prince_ribbit1
D:9:      cheibrodos_fzero, serial_shops, shop_statue, shop, shop_fountains
Temple:   cyrus_circular_temple
Abyss:1:  hangedman_abyss_sting

Skill      XL: |  1  2  3  4  5  6  7  8  9 10 |
---------------+-------------------------------+-----
Staves         | 4 5 6 7 8 9 10 | 10.4
Armour         | 1 2 3 5 6 |  6.6
Fighting       | 3 4 5 6 7 |  7.2
Dodging        | 4 5 6 7 |  7.6
Slings         | 2 3 5 7 8 |  8.4
Throwing       | |  2.7

Action                   |  1- 3 |  4- 6 |  7- 9 | 10-12 || total
-------------------------+-------+-------+-------+-------++-------
Melee: Quarterstaff      |    71 |   108 |   178 |    92 ||   449
       Headbutt          |     9 |    11 |    31 |    19 ||    70
 Fire: Fustibalus        |       |    24 |   135 |    15 ||   174
  Use: Scroll            |     1 |     1 |       |       ||     2
  Eat: Chunk             |     3 |     5 |    12 |     3 ||    23
       Royal jelly       |       |     1 |     1 |       ||     2
       Fruit             |       |       |       |     1 ||     1
Armor: Leather armour    |    15 |       |       |       ||    15
       Ring mail         |       |    49 |    23 |       ||    72
       Plate armour      |       |       |   105 |    54 ||   159
Dodge: Dodged            |    53 |   103 |   128 |    47 ||   331
